 Dungeon Crawl Stone Soup version 0.30-a0-879-ga8ba668304 (webtiles) character file.

Game seed: 7894271107672844705

628 cforsyth the Trooper (level 7, 0/87 HPs)
             Began as a Barachi Fighter on Mar 12, 2023.
             Succumbed to an orc's poison
             ... on level 5 of the Dungeon.
             The game lasted 00:03:45 (2775 turns).

cforsyth the Trooper (Barachi Fighter)              Turns: 2775, Time: 00:03:45

Health: 0/87       AC: 23    Str: 20    XL:     7   Next: 48%
Magic:  7/7        EV:  2    Int:  8    God:
Gold:   178        SH:  5    Dex: 11    Spells: 6/6 levels left

rFire   + . .      SeeInvis .    a - +0 war axe
rCold   + . .      Faith    .    c - +0 buckler
rNeg    . . .      Spirit   .    b - melded +0 scale mail
rPois   +          Reflect  .    (helmet currently unavailable)
rElec   +          Rampage  .    l - melded +0 cloak
rCorr   +          NoTele   +    (gloves currently unavailable)
Will    .....                    (boots currently unavailable)
Stlth   +                        (no amulet)
HPRegen 0.34/turn                (no ring)
MPRegen 0.10/turn                (no ring)

@: lethally poisoned (0 -> -7), tree-form (expiring), resistant, hasted, very
quick
A: stationary, stasis, torment immunity, boosted hp, (amphibious), (slowness 1),
(strong legs 1), +LOS
a: no special abilities


You were on level 5 of the Dungeon.
You were a tree.
You visited 1 branch of the dungeon, and saw 5 of its levels.

You collected 178 gold pieces.

Inventory:

Hand Weapons
 a - a +0 war axe (weapon)
Armour
 b - a +0 scale mail (melded)
 c - a +0 buckler (worn)
 l - a +0 cloak (melded)
Scrolls
 e - 4 scrolls of identify
 f - 2 scrolls of magic mapping
 m - a scroll of poison {unknown}
 n - 2 scrolls of amnesia {unknown}
 o - a scroll of noise {unknown}
Potions
 d - 2 potions of might


   Skills:
 + Level 6.2 Fighting
 + Level 5.0 Axes
 + Level 6.1 Armour
 - Level 4.6 Shields


You had 6 spell levels left.
You didn't know any spells.
Your spell library contained the following spells:

 Spells                   Type           Power      Damage    Failure   Level
 Summon Small Mammal      Summ           0%         N/A       50%         1
 Scorch                   Fire           0%         2d5       63%         2
 Call Canine Familiar     Summ           0%         N/A       86%         3
 Summon Guardian Golem    Hex/Summ       0%         N/A       86%         3
 Flame Wave               Conj/Fire      0%         2d4       99%         4
 Summon Cactus Giant      Summ           0%         N/A       100%        6


Dungeon Overview and Level Annotations

Branches:
Dungeon (5/15)
 Temple: D:4-7

Altars:
Gozag
Hepliaklqana
Wu Jian


Innate Abilities, Weirdness & Mutations

You are a tree.
Your roots penetrate the ground, keeping you stationary.
You cannot be teleported.
You are immune to unholy pain and torment.
Your maximum health is greatly increased.
Your equipment is partially melded.
((You are amphibious.))
((You cover ground slowly.))
((You can hop short distances.))
You have an extended range of vision and can be seen from far away.


Message History

You flicker for a moment.
The black bear bites you but does no damage.
The black bear claws you but does no damage. x2
You barely miss the black bear.
The black bear is severely wounded.
The black bear barely misses you. The black bear claws you.
* * * LOW HITPOINT WARNING * * *
The black bear claws you but does no damage.
You catch the helpless black bear completely off-guard!
You hit the black bear but do no damage.
The black bear is severely wounded.
You catch the helpless black bear completely off-guard!
You slash the black bear!
The black bear is almost dead.
Your hearing returns.
The black bear barely misses you. The black bear completely misses you.
The black bear claws you but does no damage.
You hit the black bear.
You kill the black bear!
Your Axes skill increases to level 5!
Your Armour skill increases to level 6!
You catch the helpless orc completely off-guard!
You hit the orc.
The orc is lightly wounded.
The orc hits you but does no damage.
You hit the orc.
The orc is moderately wounded.
The orc hits you with a +2 short sword of venom.
* * * LOW HITPOINT WARNING * * *
You are lethally poisoned!
Okay, then.
You closely miss the orc.
The orc is moderately wounded.
You flicker back into view.
* * * LOW HITPOINT WARNING * * *
You feel very sick.
The orc hits you with a +2 short sword of venom.
* * * LOW HITPOINT WARNING * * *
You closely miss the orc.
The orc is moderately wounded.
You die...

.....#.##.###..##.#.##..###.
##'###.##.'.......#......h'.
#.# #.##.######..#..# #.#
#.##.# #.o5#'h(..# ##.#
#.##.# ##h## ...## ...#
#.##.# #f# ..# #### #....#
#.# ##
##.#.########'########
#.........♣o.........
##...################ #####


You could see an orc.

Vanquished Creatures
  A black bear (D:5)
  An ogre (D:5)
  2 scorpions (D:5)
  A howler monkey (D:5)
  3 hounds (D:5)
  3 sleepcaps (D:5)
  3 gnolls
  A shadow imp (D:5)
  A white imp (D:5)
  An ufetubus (D:5)
  2 worms (D:2)
  2 orcs (D:5)
  5 ball pythons (D:1)
  7 bats
  2 endoplasms
  2 giant cockroaches
  9 goblins
  6 hobgoblins
  12 jackals
  6 kobolds
  4 quokkas
  2 frilled lizards
  4 rats
80 creatures vanquished.

Notes
Turn   | Place    | Note
-------+----------+-------------------------------------------
     0 | D:1      | cforsyth the Barachi Fighter began the quest for the Orb.
     0 | D:1      | Reached XP level 1. HP: 18/18 MP: 1/1
    26 | D:1      | Reached XP level 2. HP: 13/25 MP: 2/2
   150 | D:1      | Reached XP level 3. HP: 19/30 MP: 3/3
   934 | D:2      | Reached XP level 4. HP: 37/37 MP: 4/4
  1409 | D:2      | Found a faded altar of an unknown god.
  1634 | D:3      | Found an ornate altar of the Wu Jian Council.
  2049 | D:3      | Found a hazy altar of Hepliaklqana.
  2153 | D:4      | Noticed a sky beast
  2153 | D:4      | Found an opulent altar of Gozag.
  2250 | D:5      | Entered Level 5 of the Dungeon
  2355 | D:5      | Reached XP level 5. HP: 20/43 MP: 5/5
  2535 | D:5      | Reached skill level 5 in Fighting
  2535 | D:5      | Reached skill level 5 in Armour
  2535 | D:5      | Reached XP level 6. HP: 42/51 MP: 6/6
  2719 | D:5      | Noticed a black bear
  2738 | D:5      | Reached XP level 7. HP: 15/57 MP: 7/7
  2772 | D:5      | Reached skill level 5 in Axes
  2774 | D:5      | HP: 4/87 [poisoned by an orc]
  2775 | D:5      | Succumbed to an orc's poison

Illustrated notes

Levels and vault maps discovered:
D:1:      lemuel_arrival_rhombus, layout_basic
D:2:      layout_basic, shapermc_ecumenical_altar_mp_vishouse
D:3:      layout_loops_ring, mainiacjoe_overflow_chevrons,
          nicolae_hepliaklqana_hazy_memory, minivault_14,
          kennysheep_cluttered_room, dk_noncrumbling_2
D:4:      kennysheep_kobold_camp, layout_gridville, elyvilon_altar_1,
          mainiacjoe_overflow_small_starburst, mainiacjoe_overflow_24_doors
D:5:      layout_basic, general_overflow_altar, zin_scriptorium,
          temple_doors_ab, minmay_pentangle

Skill      XL: |  1  2  3  4  5  6  7 |
---------------+----------------------+-----
Fighting       | 4 5 6 |  6.2
Armour         | 4 5 6 |  6.1
Axes           | 3 4 5 |  5.0
Shields        | 4 |  4.6

Action                     |  1- 3 |  4- 6 |  7- 9 || total
---------------------------+-------+-------+-------++-------
  Melee: War axe           |    90 |   144 |    30 ||   264
    Use: Potion            |       |       |     4 ||     4
         Scroll            |       |       |     3 ||     3
   Stab: Invisible         |       |       |     6 ||     6
 Armour: Scale mail        |    63 |    65 |     1 ||   129
         Skin              |       |       |    27 ||    27
  Dodge: Dodged            |    56 |    92 |     9 ||   157
  Block: Buckler           |    24 |    35 |     3 ||    62

Table legend: (Time is in decaauts)
 A = Elapsed time spent in this place.
 B = Non-inter-level travel time spent in this place.
 C = Inter-level travel time spent in this place.
 D = Time resting spent in this place.
 E = Time spent auto-exploring this place.
 F = Levels seen in this place.
 G = Mean time per level.
                   A        B        C        D        E       F      G
               +--------+--------+--------+--------+--------+-----+--------+
         Total |   3265 |   3121 |    144 |      0 |   2441 |   5 |  653.0 |
       Dungeon |   3265 |   3121 |    144 |      0 |   2441 |   5 |  653.0 |
               +--------+--------+--------+--------+--------+-----+--------+

Top non-repeatable levels by time:
     D:1: 907 daAuts
     D:3: 858 daAuts
     D:2: 819 daAuts
     D:5: 592 daAuts
     D:4: 86 daAuts
